 Dungeon Crawl Stone Soup version 0.31.0-11-ge490571c62 (webtiles) character file.

Game seed: 5018068379790192335

169 qw the Skirmisher (level 5, 0/29 HPs)
             Began as a Deep Elf Hunter on Feb 3, 2024.
             Succumbed to an adder's poison
             ... on level 2 of the Dungeon.
             The game lasted 00:00:35 (1607 turns).

qw the Skirmisher (Deep Elf Hunter)                 Turns: 1607, Time: 00:00:36

Health: 0/29       AC:  4    Str: 10    XL:     5   Next: 25%
Magic:  7/7        EV: 13    Int: 14    God:
Gold:   100        SH:  0    Dex: 18    Spells: 4/4 levels left

rFire   + . .        a - +0 shortbow
rCold   + . .        (shield currently unavailable)
rNeg    + . .        c - +2 robe {rC+ rF+}
rPois   .            (no helmet)
rElec   .            (no cloak)
rCorr   .            (no gloves)
SInv    .            (no boots)
Will    +....        (no amulet)
Stlth   ++           j - ring of willpower
HPRegen 0.24/turn    b - ring of positive energy
MPRegen 0.10/turn

%: no passive effects
@: lethally poisoned (0 -> -11), about to teleport
A: no striking features
a: no special abilities


You were on level 2 of the Dungeon.
You visited 1 branch of the dungeon, and saw 3 of its levels.

You collected 100 gold pieces.


   Skills:
 - Level 1.5 Fighting
 - Level 8.7 Ranged Weapons
 + Level 2.4 Dodging
 - Level 1.2 Stealth


You had 4 spell levels left.
You didn't know any spells.
Your spell library was empty.

Inventory:

Hand Weapons
 a - a +0 shortbow (weapon)
Armour
 c - a +2 robe of resistance (worn)
 i - a +0 ring mail
Jewellery
 b - a ring of positive energy (right hand)
 j - a ring of willpower (left hand)
Wands
 g - a wand of polymorph (4)
Scrolls
 e - 2 scrolls of teleportation
Potions
 d - a potion of curing {unknown}
 k - a potion of lignification {unknown}
 n - a potion of haste {unknown}

Dungeon Overview and Level Annotations

Branches:
Dungeon (3/15)

Altars:
Dithmenos

Annotations:
D:2 1 runed translucent door, Crazy Yiuf


Message History

The arrow closely misses the frilled lizard.
The frilled lizard bites you.
You shoot an arrow. The arrow hits the frilled lizard.
You kill the frilled lizard!
You start resting.
HP restored.
You climb downwards.
The adder misses you. The gnoll completely misses you.
The adder completely misses you.
There is a stone staircase leading up here.
1599 ||| STAIRDANCE The bat barely misses you.
The adder barely misses you. The gnoll barely misses you.
You climb upwards.
Level annotation: 1 runed translucent door, Crazy Yiuf
There is a stone staircase leading down here.
You shoot an arrow. The arrow hits the gnoll.
The gnoll is moderately wounded.
The adder bites you. The gnoll barely misses you. The adder barely misses you.
You shoot an arrow. The arrow closely misses the gnoll.
The gnoll hits you with a +0 club. The adder bites you.
You are poisoned.
The adder poisons you!
You shoot an arrow. The arrow completely misses the gnoll.
You feel sick. The adder barely misses you. The gnoll hits you with a +0 club.
You shoot an arrow. The arrow barely misses the gnoll.
You feel sick. The adder barely misses you. The gnoll misses you.
You shoot an arrow. The arrow hits the gnoll.
The gnoll is heavily wounded.
You feel sick. The adder bites you.
You are more poisoned.
The adder poisons you! The gnoll hits you with a +0 club. The adder bites you.
You are lethally poisoned!
The adder poisons you!
You shoot an arrow. The arrow barely misses the gnoll.
You feel very sick. The adder closely misses you.
The gnoll hits you with a +0 club.
1607 ||| READING 3 scrolls of teleportation.
As you read the scroll of teleportation, it crumbles to dust.
You feel strangely unstable.
You die...

#........#
#........###########
#............%.....#
#......^.......###.#
#........#####.# #.#
##......#%.# #.#
#.#####
##....###.###.#
#.....# ##..##
#...#.###.....#
7..P.7
#.#S@.........#######
77.P.7
#.#.g%...............
77.77
#.#...####........)##


77¤7 #.....# #.........# 7¤77 #.##..# ####......# 77¤7 #.'...# #......# 7¤77
#.##..# #......# #+# #....<# #......# ... ####.## ######## You could see a gnoll
and an adder.

Vanquished Creatures
  Jessica (D:2)
  Natasha (thrice) (D:2)
  Terence (D:2)
  A ribbon worm (D:2)
  2 bats (D:1)
  3 endoplasms
  7 goblins
  5 hobgoblins
  5 quokkas
  2 ball pythons
  3 frilled lizards (D:2)
  3 kobolds
  4 rats
40 creatures vanquished.

Notes
Turn   | Place    | Note
-------+----------+-------------------------------------------
     0 | D:1      | qw the Deep Elf Hunter began the quest for the Orb.
     0 | D:1      | Reached XP level 1. HP: 12/12 MP: 3/3
     0 | D:1      | 0 ||| qw: Version: 0.3-a-155-g5e7d8dd
     0 | D:1      | 0 ||| qw: Game counter: 3075
     0 | D:1      | 0 ||| qw: Melee chars always use a shield: true
     0 | D:1      | 0 ||| qw: God list: Okawaru
     0 | D:1      | 0 ||| qw: Allow faded altars: false
     0 | D:1      | 0 ||| qw: Do Orc after clearing Dungeon:15 true
     0 | D:1      | 0 ||| qw: Do second Lair branch before Depths: true
     0 | D:1      | 0 ||| qw: Lair rune preference: random
     0 | D:1      | 0 ||| qw: Goals: Normal
     0 | D:1      | 0 ||| PLANNING D:1-11
   220 | D:1      | Reached XP level 2. HP: 16/16 MP: 4/4
   263 | D:1      | Reached skill level 6 in Ranged Weapons
   391 | D:1      | Found a faded altar of an unknown god.
   833 | D:1      | 833 ||| UPGRADING to +0 ring mail.
   843 | D:1      | 843 ||| DROPPING +0 leather armour.
   844 | D:1      | 844 ||| DROPPING ring of magical power.
   845 | D:1      | 845 ||| UPGRADING to ring of willpower.
   846 | D:1      | 846 ||| READING scroll labelled UPHOMEINKOU.
   846 | D:1      | 846 ||| IDENTIFYING cyan potion
   847 | D:1      | 847 ||| READING scroll labelled AVOEKUFOIM.
   848 | D:1      | 848 ||| READING scroll labelled QIDOXI WISTE.
   853 | D:1      | 853 ||| DROPPING scroll of butterflies.
   854 | D:1      | 854 ||| DROPPING potion of attraction.
   968 | D:2      | Reached XP level 3. HP: 20/20 MP: 5/5
  1006 | D:2      | Noticed Jessica
  1006 | D:2      | Noticed Natasha
  1011 | D:2      | Killed Jessica
  1012 | D:2      | Reached skill level 7 in Ranged Weapons
  1015 | D:2      | Killed Natasha
  1016 | D:2      | Reached XP level 4. HP: 25/25 MP: 6/6
  1041 | D:2      | Found a shadowy altar of Dithmenos.
  1105 | D:2      | Noticed Terence
  1113 | D:2      | Killed Terence
  1114 | D:2      | Reached skill level 8 in Ranged Weapons
  1170 | D:2      | Noticed Natasha
  1176 | D:2      | Killed Natasha
  1177 | D:2      | Reached XP level 5. HP: 23/29 MP: 7/7
  1225 | D:2      | Noticed Natasha
  1234 | D:2      | Killed Natasha
  1267 | D:2      | Found a runed translucent door.
  1268 | D:2      | Noticed Crazy Yiuf
  1558 | D:2      | 1558 ||| UPGRADING to +2 robe of resistance.
  1568 | D:2      | 1568 ||| UPGRADING to ring of positive energy.
  1569 | D:2      | 1569 ||| READING scroll labelled XEKHOBB AZILL.
  1570 | D:2      | 1570 ||| READING scroll labelled EMUMME TEOD.
  1571 | D:2      | 1571 ||| READING scroll labelled ORIONU HEVOAFO.
  1572 | D:2      | 1572 ||| READING scroll labelled SANOLO NASK.
  1591 | D:3      | 1591 ||| STAIRDANCE
  1599 | D:3      | 1599 ||| STAIRDANCE
  1606 | D:2      | HP: 2/29 [gnoll/+0 club (6)]
  1607 | D:2      | 1607 ||| READING 3 scrolls of teleportation.
  1607 | D:2      | Succumbed to an adder's poison

Levels and vault maps discovered:
D:1:      orjb1_clovarrival, layout_loops_corners,
          dreamdust_ecumenical_altar_angels_and_demons
D:2:      layout_basic, basic_altar, uniq_terence, uniq_crazy_yiuf_cottage,
          uniq_natasha, uniq_jessica
D:3:      layout_loops_ring, grunt_ministairs_2, chequers_serial_rivers_micro_a,
          minivault_11

Skill      XL: |  1  2  3  4 |
---------------+-------------+-----
Ranged Weapons | 6 7 8 |  8.7
Fighting       | |  1.5
Dodging        | |  2.4
Stealth        | |  1.2

Action                     |  1- 3 |  4- 6 || total
---------------------------+-------+-------++-------
   Fire: Shortbow          |    66 |    63 ||   129
    Use: Scroll            |     3 |     5 ||     8
 Armour: Ring mail         |     4 |    12 ||    16
         Robe              |       |    10 ||    10
  Dodge: Dodged            |    11 |    26 ||    37

Table legend:
 A = Non-vault XP
 B = Vault XP
 C = Vault XP percentage of total XP
 D = Non-vault monster count
 E = Vault monster count
 F = Vault count percentage of total count
                 A         B        C        D         E       F
            +---------+---------+-------+---------+---------+-------
      Total |     133 |     109 |  45.0 |      37 |       3 |   7.5
            +---------+---------+-------+---------+---------+-------
        D:1 |      34 |       0 |   0.0 |      20 |       0 |   0.0
        D:2 |      99 |     109 |  52.4 |      17 |       3 |  15.0
            +---------+---------+-------+---------+---------+-------
